 Dungeon Crawl Stone Soup version 0.31.0-11-ge490571c62 (webtiles) character file.

Game seed: 3701169426790508491

100 safid the Ruffian (level 4, 0/35 HPs)
             Began as a Draconian Shapeshifter on Feb 9, 2024.
             Slain by a hobgoblin (5 damage)
             ... led by Robin
             ... on level 3 of the Dungeon.
             The game lasted 00:02:09 (1258 turns).

safid the Ruffian (Draconian Shapeshifter)          Turns: 1258, Time: 00:02:10

Health: 0/35       AC:  5    Str: 19    XL:     4   Next: 47%
Magic:  4/4        EV: 12    Int: 10    God:
Gold:   53         SH:  0    Dex: 10    Spells: 3/3 levels left

rFire   . .          .
                       - Unarmed
rCold   . . .        (no shield)
rNeg    . . .        (body armour unavailable)
rPois   .            (helmet currently unavailable)
rElec   .            (cloak currently unavailable)
rCorr   .            (gloves currently unavailable)
SInv    .            (boots currently unavailable)
Will    .....        (no amulet)
Stlth   +            (no ring)
HPRegen 0.25/turn    (no ring)
MPRegen 0.09/turn

%: no passive effects
@: beast-form
A: beast (slay +2), AC +5, unfitting armour, cold-blooded
a: Begin Untransformation


You were on level 3 of the Dungeon.
You were a hulking beast.
You visited 1 branch of the dungeon, and saw 3 of its levels.

You collected 53 gold pieces.

Inventory:

Missiles
 m - 6 poisoned darts (quivered)
Armour
 i - a +0 pair of gloves
Talismans
 b - a beast talisman
 c - a flux talisman
 h - a storm talisman
Scrolls
 d - 2 scrolls of vulnerability {unknown}
 g - a scroll of revelation {unknown}
 j - a scroll of blinking {unknown}
 k - 3 scrolls of teleportation {unknown}
 o - a scroll of identify {unknown}
Potions
 a - a potion of lignification
 e - a potion of heal wounds {unknown}
 f - a potion of curing {unknown}
 l - 3 potions of mutation {unknown}
 n - a potion of might {unknown}


   Skills:
 + Level 1.4 Fighting
 + Level 2.1 Dodging
 + Level 4.2 Unarmed Combat
 + Level 3.8 Shapeshifting


You had 3 spell levels left.
You didn't know any spells.
Your spell library contained the following spells:

 Spells                   Type           Power      Damage    Failure   Level
 Lesser Beckoning         Tloc           0%         N/A       50%         2
 Fugue of the Fallen      Necr           0%         N/A       75%         3
 Gell's Gravitas          Tloc           0%         N/A       75%         3
 Ozocubu's Armour         Ice            0%         N/A       75%         3
 Teleport Other           Tloc           0%         N/A       75%         3
 Tukima's Dance           Hex            0%         N/A       75%         3
 Manifold Assault         Tloc           0%         N/A       98%         4
 Passage of Golubria      Tloc           0%         N/A       98%         4
 Yara's Violent Unravell  Hex/Alch       0%         3d3       100%        5


Dungeon Overview and Level Annotations

Branches:
Dungeon (3/15)

Altars:
Ru
Trog


Innate Abilities, Weirdness & Mutations

You are a hulking beast.
Your limbs bulge with bestial killing power. (Slay +2)
Your plain brown scales are hard. (AC +5)
You cannot fit into any form of body armour.
You are cold-blooded and may be slowed by cold attacks.


Message History

Unknown command.
You barely miss Robin.
Robin is heavily wounded.
The goblin hits you but does no damage.
Robin hits you with a +1 trident of protection.
You completely miss Robin.
Robin is heavily wounded.
The goblin closely misses you.
Unknown command.
You hit Robin but do no damage.
Robin is heavily wounded.
The goblin misses you.
Robin hits you with a +1 trident of protection.
* * * LOW HITPOINT WARNING * * *
A goblin comes into view. It is wielding a +0 dagger.
Unknown command.
You punch the goblin!
You kill the goblin!
Unknown command.
You hit Robin but do no damage.
Robin is heavily wounded.
Robin hits you with a +1 trident of protection!
* * * LOW HITPOINT WARNING * * *
Unknown command.
You punch Robin!
You kill Robin!
The goblin no longer looks unusually strong. x2
Unknown command.
You punch the goblin!
You kill the goblin!
Unknown command.
You closely miss the goblin.
Your tail-slap misses the goblin.
The goblin barely misses you.
Unknown command.
You punch the goblin!
You kill the goblin!
Unknown command.
You hit the hobgoblin but do no damage.
Your tail-slap misses the hobgoblin.
The hobgoblin hits you.
You die...

#.. #.# #.#
#.# #.# ..g.
#.# .....
#)# g....
#)#..g...
#h#......
####g#......
#...........
#.....##.###
#...<.#
#.....#
#.....#
#...$.#
#.....#


You could see a hobgoblin (strong).

Vanquished Creatures
  Robin (D:3)
  2 adders (D:2)
  3 ribbon worms (D:2)
  A dart slug (D:1)
  5 bats
  4 endoplasms
  3 giant cockroaches
  16 goblins
  7 hobgoblins
  2 quokkas
  6 kobolds
  4 rats
54 creatures vanquished.

Notes
Turn   | Place    | Note
-------+----------+-------------------------------------------
     0 | D:1      | safid the Draconian Shapeshifter began the quest for the
                  | Orb.
     0 | D:1      | Reached XP level 1. HP: 16/16 MP: 1/1
    70 | D:1      | Reached XP level 2. HP: 23/23 MP: 2/2
   516 | D:1      | Found a sacrificial altar of Ru.
   565 | D:2      | Reached XP level 3. HP: 26/28 MP: 3/3
   762 | D:2      | Found a bloodstained altar of Trog.
   775 | D:2      | Reached skill level 4 in Unarmed Combat
   960 | D:2      | Reached XP level 4. HP: 33/35 MP: 4/4
  1214 | D:3      | Noticed Robin
  1254 | D:3      | Killed Robin
  1258 | D:3      | Slain by a hobgoblin

Illustrated notes

Levels and vault maps discovered:
D:1:      dpeg_arrival_water_altar, layout_rooms, feat_on_display
D:2:      layout_rooms, basic_altar
D:3:      layout_basic, kennysheep_slug_shrine,
          hellmonk_ecumenical_altar_dog_temple, uniq_robin, uniq_grinder

Skill      XL: |  1  2  3 |
---------------+----------+-----
Dodging        | 2 |  2.1
Unarmed Combat | 4 |  4.2
Fighting       | |  1.4
Shapeshifting  | |  3.8

Action                     |  1- 3 |  4- 6 || total
---------------------------+-------+-------++-------
  Melee: Unarmed           |    96 |    49 ||   145
         Tailslap          |    11 |     7 ||    18
 Armour: Skin              |    43 |    35 ||    78
  Dodge: Dodged            |    68 |    40 ||   108
